[Event "Titled Tuesday Blitz December 13 Early 2022"]
[White "Manukian, Artak"]
[Black "Oganian, Miran"]
[WhiteFideId "13301373"]
[BlackFideId "4122488"]
[WhiteElo "2130"]
[BlackElo "2323"]
[Result "0-1"]
[Round "06"]
[TimeControl "180+1"]
[Date "2022.12.14"]
[WhiteClock "0:00:21"]
[BlackClock "0:00:20"]

1. e4 e6 2. d4 d5 3. e5 c5 4. c3 Nc6 5. Nf3 Nh6 6. a3 Nf5 7. Bd3 cxd4 8. Bxf5 exf5 9. cxd4 Be6 10. b4 Be7 11. Nc3 Rc8 12. Bb2 O-O 13. Na4 b6 14. O-O g5 15. Rc1 g4 16. Ne1 Qd7 17. f4 Rc7 18. Nc3 a6 19. Ne2 Rfc8 20. Nd3 a5 21. b5 Na7 22. a4 h5 23. Qb3 Kg7 24. Ba3 Rc4 25. Nb2 R4c7 26. Bxe7 Qxe7 27. Rxc7 Rxc7 28. Rc1 Nc8 29. Rxc7 Qxc7 30. Qc3 Qe7 31. g3 h4 32. Nd1 h3 33. Ne3 Kg6 34. Nxd5 Bxd5 35. Qxc8 f6 36. Qh8 Qg7 37. Qxg7+ Kxg7 38. Nc3 Bb3 39. d5 fxe5 40. fxe5 Kf7 41. Kf2 Ke7 42. Ke3 Kd7 43. Kf4 Bc2 44. Ke3 Ke7 45. Kf4 Kd7 46. d6 Ke6 47. Ke3 Kd7 48. Nd5 Ke6 49. Nxb6 Bb3 50. Kf4 Bc2 51. Ke3 Bb3 52. Kf4 Bc2 53. d7 Ke7 54. e6 Bb3 55. Nc8+ Kd8 56. Ke5 f4 57. Kxf4 Bxe6 58. Nb6 Kc7 59. Na8+ Kxd7 60. b6 Kc6 61. Nc7 Bb3 62. Na6 Kxb6 63. Kxg4 Kxa6 64. Kxh3 Bxa4 65. Kg4 Bc2 66. Kf4 a4 67. Ke3 a3 68. Kd2 a2 69. Kxc2 a1=Q 0-1


[Site "https://www.chess.com"]

[Event "Titled Tuesday Blitz December 13 Early 2022"]
[White "Martin Duque, Jesus"]
[Black "Tarnowska, Aleksandra"]
[WhiteFideId "2208954"]
[BlackFideId "1180967"]
[WhiteElo "2297"]
[BlackElo "1776"]
[Result "1-0"]
[Round "06"]
[TimeControl "180+1"]
[Date "2022.12.14"]
[WhiteClock "0:00:19"]
[BlackClock "0:00:01"]

1. c4 e5 2. g3 Nf6 3. Bg2 c6 4. Nf3 e4 5. Nd4 Bc5 6. Nb3 Bb6 7. O-O O-O 8. Nc3 d5 9. d3 exd3 10. Qxd3 dxc4 11. Qxc4 Be6 12. Qh4 Nbd7 13. Nd4 Bxd4 14. Qxd4 Re8 15. b3 Nf8 16. Qxd8 Raxd8 17. Be3 a6 18. Bb6 Rc8 19. Rfd1 N8d7 20. Bd4 b6 21. h3 Rc7 22. Rac1 h6 23. Kf1 c5 24. Be3 g5 25. g4 Ne5 26. Ne4 Nxe4 27. Bxe4 Rec8 28. Rd6 Rb8 29. Rcd1 Kg7 30. Bc1 c4 31. f4 Kf6 32. fxe5+ Kxe5 33. Bc2 b5 34. b4 c3 35. a3 f5 36. gxf5 Bc4 37. R1d4 Rf8 38. Kg2 Rcf7 39. e3 h5 40. Rg6 g4 41. hxg4 hxg4 42. Rgxg4 Rf6 43. Rge4+ Kxf5 44. Rf4+ Kg5 45. Rxf6 Rxf6 46. Rf4 Re6 47. e4 Kg6 48. e5+ Kg7 49. Rg4+ Kf7 50. Bf4 Ke7 51. Bf5 Rc6 52. Rg7+ Kf8 53. Rd7 Bb3 54. Bg5 c2 55. Rd8+ Kf7 56. Rd7+ Kf8 57. Bc1 Rh6 58. Bxh6+ 1-0


[Site "https://www.chess.com"]

[Event "Titled Tuesday Blitz December 13 Early 2022"]
[White "Martinez Ramirez, Lennis"]
[Black "Deuer, Marius"]
[WhiteFideId "3509079"]
[BlackFideId "16236432"]
[WhiteElo "2439"]
[BlackElo "2226"]
[Result "0-1"]
[Round "06"]
[TimeControl "180+1"]
[Date "2022.12.14"]
[WhiteClock "0:00:15"]
[BlackClock "0:00:18"]

1. c4 Nf6 2. Nc3 c5 3. e3 e6 4. d4 cxd4 5. exd4 Bb4 6. Nf3 b6 7. Bd3 Bb7 8. O-O O-O 9. Bg5 h6 10. Bh4 Be7 11. Bc2 d5 12. cxd5 Nxd5 13. Qd3 g6 14. Bxe7 Qxe7 15. Nxd5 Bxd5 16. Ne5 Nc6 17. Qg3 Nxd4 18. Bd3 Qg5 19. Rfd1 Qxg3 20. hxg3 Rfd8 21. g4 Nc6 22. Nf3 Bxf3 23. gxf3 Ne5 24. Be2 g5 25. Kg2 Ng6 26. Ba6 Nf4+ 27. Kg3 Nd5 28. a3 Nc7 29. Bb7 Rab8 30. Be4 Ne8 31. f4 Nf6 32. Bf3 gxf4+ 33. Kxf4 Kg7 34. b4 Rbc8 35. b5 Rc4+ 36. Kg3 Rdc8 37. a4 Rc3 38. Kg2 R8c4 39. a5 Rf4 40. Be2 Rc2 41. Bf3 Rc3 42. Be2 Nxg4 43. Rf1 Nf6 44. axb6 axb6 45. Ra6 Rc2 46. Bf3 Rc5 47. Rxb6 Rg5+ 48. Kh2 Rxf3 49. Rb7 Rf4 50. Kh3 Rfg4 51. f3 Rh5# 0-1


[Site "https://www.chess.com"]

[Event "Titled Tuesday Blitz December 13 Early 2022"]
[White "Matinian, Nikita"]
[Black "Cruz, William Ferreira Da"]
[WhiteFideId "24129100"]
[BlackFideId "2118050"]
[WhiteElo "2422"]
[BlackElo "2223"]
[Result "1-0"]
[Round "06"]
[TimeControl "180+1"]
[Date "2022.12.14"]
[WhiteClock "0:01:36"]
[BlackClock "0:00:20"]

1. e4 e6 2. d4 d5 3. Nc3 Nf6 4. Bg5 dxe4 5. Nxe4 Be7 6. Bxf6 gxf6 7. Nf3 f5 8. Nc3 a6 9. g3 b5 10. Bg2 Bb7 11. O-O Qd6 12. a4 b4 13. Ne2 Nd7 14. Nf4 c5 15. Re1 O-O 16. c3 bxc3 17. bxc3 cxd4 18. Nxd4 Bxg2 19. Kxg2 Nc5 20. Qf3 Bf6 21. Rad1 Qc7 22. Nh5 Be5 23. Nxf5 exf5 24. Rd5 Rfe8 25. Rdxe5 Rxe5 26. Qxa8+ Re8 27. Qxe8# 1-0


[Site "https://www.chess.com"]

[Event "Titled Tuesday Blitz December 13 Early 2022"]
[White "Mendez Fortes, Eduardo Jesus"]
[Black "Ansh M Shah"]
[WhiteFideId "3502376"]
[BlackFideId "25033379"]
[WhiteElo "2307"]
[BlackElo "2084"]
[Result "1-0"]
[Round "06"]
[TimeControl "180+1"]
[Date "2022.12.14"]
[WhiteClock "0:01:51"]
[BlackClock "0:00:42"]

1. e4 c6 2. d4 d5 3. Nc3 dxe4 4. Nxe4 Nf6 5. Nxf6+ exf6 6. c3 Bd6 7. Bd3 O-O 8. Qc2 Re8+ 9. Ne2 h5 10. O-O Nd7 11. Ng3 h4 12. Nf5 Nf8 13. Nxh4 Qc7 14. h3 g5 15. Nf5 Bxf5 16. Bxf5 Kg7 17. f4 gxf4 18. Qd1 Ng6 19. Qg4 Rh8 20. Bxg6 fxg6 21. Bxf4 Rae8 22. Bxd6 Qxd6 23. Rae1 Qd5 24. b3 b5 25. Qg3 Qd7 26. Qf3 Qd6 27. Qf2 Re7 28. Rxe7+ Qxe7 29. Re1 Qd6 30. Qe3 Kf7 31. Qe4 Rd8 32. Re3 c5 33. Qb7+ Rd7 34. Qxb5 cxd4 35. Rd3 Qe5 36. Qc4+ Kg7 37. Rxd4 Qe1+ 38. Qf1 Qe3+ 39. Qf2 Qc1+ 40. Kh2 Re7 41. c4 Re1 42. Rd7+ Kg8 43. Rd8+ Kg7 44. Qxa7+ Kh6 45. Rh8+ Kg5 46. Qc5+ f5 47. h4+ Kg4 48. Qd4+ Re4 49. Qf2 f4 50. Qf3+ Kf5 51. Rf8+ 1-0


[Site "https://www.chess.com"]

[Event "Titled Tuesday Blitz December 13 Early 2022"]
[White "Mesa Cruz, Juan Carlos"]
[Black "Derjabin, Ilja"]
[WhiteFideId "6423400"]
[BlackFideId "14104768"]
[WhiteElo "2059"]
[BlackElo "2309"]
[Result "0-1"]
[Round "06"]
[TimeControl "180+1"]
[Date "2022.12.14"]
[WhiteClock "0:00:03"]
[BlackClock "0:01:41"]

1. e4 c5 2. Nf3 d6 3. d4 cxd4 4. Nxd4 Nf6 5. Nc3 a6 6. Bg5 e6 7. f4 Be7 8. Qf3 h6 9. Bh4 Nbd7 10. f5 Ne5 11. Qg3 Nh5 12. Bxe7 Qxe7 13. Qh3 Nf4 14. Qg3 g5 15. O-O-O Bd7 16. Qf2 Rc8 17. g3 Nh5 18. Be2 Nf6 19. fxe6 fxe6 20. Rhf1 Rf8 21. h3 Rxc3 22. bxc3 Nxe4 23. Bh5+ Nf7 24. Qf3 d5 25. c4 Kd8 26. Bxf7 Rxf7 0-1


[Site "https://www.chess.com"]

[Event "Titled Tuesday Blitz December 13 Early 2022"]
[White "Miszler, Levente"]
[Black "Kim, Sergey"]
[WhiteFideId "763276"]
[BlackFideId "13700570"]
[WhiteElo "2176"]
[BlackElo "2589"]
[Result "0-1"]
[Round "06"]
[TimeControl "180+1"]
[Date "2022.12.14"]
[WhiteClock "0:00:03"]
[BlackClock "0:00:17"]

1. Nf3 Nf6 2. c4 g6 3. g3 d6 4. Bg2 Bg7 5. O-O O-O 6. Nc3 e5 7. d3 Nh5 8. Rb1 f5 9. Bg5 Qe8 10. Nd5 Rf7 11. b4 c6 12. Qa4 Na6 13. Rfc1 Be6 14. Nc3 f4 15. Ne4 Qd7 16. b5 Nb8 17. bxc6 Nxc6 18. Nfd2 h6 19. Rxb7 Qxb7 20. Nxd6 Qb2 21. Rd1 hxg5 22. Bxc6 Raf8 23. Nxf7 Bxf7 24. Ne4 Qxe2 25. Nxg5 fxg3 26. hxg3 e4 27. Bxe4 Bd4 28. Rf1 Nxg3 29. Qd1 Bxf2+ 30. Kg2 Qxf1+ 31. Qxf1 Nxf1 32. Kxf2 Bxc4+ 33. Ke2 Bxa2 34. Bxg6 Ng3+ 35. Ke3 Nf5+ 36. Ke4 Ne7 37. Bh5 a5 38. Bd1 Ra8 39. Nf3 a4 40. Nd4 a3 41. Ke5 Bf7 42. Bf3 Ra5+ 43. Kd6 a2 44. Nc2 Nf5+ 45. Kc6 Nd4+ 0-1


[Site "https://www.chess.com"]

[Event "Titled Tuesday Blitz December 13 Early 2022"]
[White "Mogirzan, Matei-Valeriu"]
[Black "Madaminov, Mukhiddin"]
[WhiteFideId "1257455"]
[BlackFideId "14210703"]
[WhiteElo "1733"]
[BlackElo "2333"]
[Result "1-0"]
[Round "06"]
[TimeControl "180+1"]
[Date "2022.12.13"]
[WhiteClock "0:00:14"]
[BlackClock "0:01:30"]

1. e4 e5 2. f4 d5 3. Nf3 exf4 4. exd5 Nf6 5. Be2 Nxd5 6. c4 Ne7 7. d4 Ng6 8. O-O Be7 9. Nc3 O-O 10. Nd5 Bd6 11. c5 Be6 12. Nc3 Be7 13. d5 Bxc5+ 14. Kh1 Bf5 15. Nd4 Bxd4 16. Qxd4 Nc6 17. Qc5 Nce5 18. Bxf4 Nxf4 19. Rxf4 Bg6 20. Qd4 Re8 21. h4 h6 22. h5 Bh7 23. Raf1 a6 24. Ne4 Bxe4 25. Qxe4 Ng6 26. hxg6 Rxe4 27. gxf7+ Kf8 28. Rxe4 Qxd5 29. Bf3 Qxa2 30. Bh5 Qd5 31. Re8+ 1-0


[Site "https://www.chess.com"]

[Event "Titled Tuesday Blitz December 13 Early 2022"]
[White "Moiseenko, Alexander"]
[Black "Colas, Joshua"]
[WhiteFideId "14102560"]
[BlackFideId "2044447"]
[WhiteElo "2577"]
[BlackElo "2347"]
[Result "0-1"]
[Round "06"]
[TimeControl "180+1"]
[Date "2022.12.14"]
[WhiteClock "0:00:04"]
[BlackClock "0:00:08"]

1. d4 g6 2. e4 Bg7 3. Nc3 c6 4. f4 d5 5. e5 h5 6. Nf3 Nh6 7. Be3 Bg4 8. Be2 e6 9. O-O Nf5 10. Bf2 Bh6 11. Qd2 h4 12. Nxh4 Bxe2 13. Nxf5 Bxf1 14. Nd6+ Kf8 15. Rxf1 Qe7 16. Qe1 f5 17. Bh4 Qh7 18. Rf3 Nd7 19. Rh3 Kg8 20. Bf6 Nxf6 21. exf6 Qd7 22. Qe5 Rf8 23. f7+ Rxf7 24. Nxf7 Qxf7 25. Na4 b6 26. Qd6 Qe8 27. Nc3 Bf8 28. Rxh8+ Kxh8 29. Qc7 Bg7 30. Ne2 c5 31. c3 cxd4 32. Nxd4 Bxd4+ 33. cxd4 Qa4 34. Qe5+ Kh7 35. h3 Qxa2 36. Qxe6 Qb1+ 37. Kh2 Qe4 38. Qf7+ Kh6 39. Qf8+ Kh7 40. Qd6 Qxd4 41. Qe7+ Qg7 42. Qh4+ Qh6 43. Qe7+ Kg8 44. Qd8+ Qf8 45. Qxd5+ Qf7 46. Qe5 Qg7 47. Qe6+ Kh7 48. g4 Qxb2+ 49. Kg3 fxg4 50. hxg4 Qc3+ 51. Kh4 Qg7 52. g5 Qc7 53. f5 Qf4+ 54. Kh3 Qxf5+ 55. Qxf5 gxf5 56. Kh4 Kg6 0-1


[Site "https://www.chess.com"]

[Event "Titled Tuesday Blitz December 13 Early 2022"]
[White "Moskvin, Anatoly"]
[Black "Omelja, Artem"]
[WhiteFideId "24199990"]
[BlackFideId "14119846"]
[WhiteElo "2104"]
[BlackElo "2404"]
[Result "0-1"]
[Round "06"]
[TimeControl "180+1"]
[Date "2022.12.14"]
[WhiteClock "0:00:04"]
[BlackClock "0:00:05"]

1. b3 Nf6 2. Bb2 b6 3. d3 Bb7 4. Nd2 d5 5. Ngf3 e6 6. g3 c5 7. Bg2 Be7 8. O-O O-O 9. e4 Nc6 10. e5 Nd7 11. Re1 Qc7 12. h4 Rfc8 13. c4 Nb4 14. Nf1 dxc4 15. dxc4 Rd8 16. Qb1 Nf8 17. Re3 Rd7 18. a3 Nc6 19. N1h2 Rad8 20. Ng4 Nd4 21. Nxd4 cxd4 22. Rd3 Bxg2 23. Kxg2 h5 24. Nh2 Qxe5 25. Nf3 Qf6 26. Qe1 a5 27. Rad1 Qg6 28. Ne5 Qf5 29. Rf3 Qc2 30. Rd2 Qh7 31. Nxf7 Rc8 32. Rxd4 Rxd4 33. Bxd4 Bc5 34. Bxc5 Rxc5 35. Ng5 Qg6 36. Qd2 Rf5 37. Rxf5 Qxf5 38. Qd8 Qc5 39. Kg1 Qc6 40. Qd1 a4 41. bxa4 Qxc4 42. Qxh5 e5 43. Qe8 Qa2 44. h5 Qb1+ 45. Kg2 Qa2 46. Qe7 Qd5+ 47. Kh2 e4 48. Nxe4 Qxh5+ 49. Kg2 Qd5 50. Kh2 Ng6 51. Qe8+ Kh7 52. Kg2 Ne5 53. Qh5+ Kg8 54. Qe8+ Kh7 55. Qe7 Qxe4+ 56. Kh2 Nf3+ 0-1


[Site "https://www.chess.com"]

[Event "Titled Tuesday Blitz December 13 Early 2022"]
[White "Nissinen, Niilo Man"]
[Black "Qashashvili, Alexandre"]
[WhiteFideId "30950767"]
[BlackFideId "13600842"]
[WhiteElo "1896"]
[BlackElo "2405"]
[Result "0-1"]
[Round "06"]
[TimeControl "180+1"]
[Date "2022.12.14"]
[WhiteClock "0:00:03"]
[BlackClock "0:00:04"]

1. e4 c6 2. d4 d5 3. Nc3 dxe4 4. Nxe4 Nd7 5. Ng5 Ngf6 6. Bc4 e6 7. Qe2 Nb6 8. Bb3 h6 9. N5f3 c5 10. Be3 cxd4 11. Bxd4 Bd6 12. O-O-O Qe7 13. Qd3 O-O 14. Ne2 Bc5 15. Bxc5 Qxc5 16. Qd4 Qxd4 17. Nexd4 Bd7 18. Ne5 Ba4 19. Bxa4 Nxa4 20. Nb5 a6 21. Nd6 Rab8 22. c3 Nd5 23. Nd7 Rfd8 24. Nxb8 Rxd6 25. c4 Nab6 26. cxd5 Nxd5 27. Nxa6 Rxa6 28. a3 b5 29. Kb1 b4 30. axb4 Rb6 31. Rd4 g6 32. Rc1 Nxb4 33. Rc8+ Kg7 34. Rd7 Nd5 35. Ra8 Rb4 36. Raa7 Rf4 37. f3 g5 38. Rab7 h5 39. h3 Kg6 40. Ka2 h4 41. Ka3 Ne3 42. b4 Nxg2 43. b5 Rxf3+ 44. Ka4 Rxh3 45. Rxf7 Rh1 46. b6 h3 47. Rg7+ Kf5 48. Rbf7+ Kg4 49. b7 Rb1 50. Rh7 Nh4 51. Rf2 Kg3 52. Ra2 h2 53. Rxh2 Kxh2 54. Ka3 Kh3 55. Ka2 Rb6 56. Ka3 g4 57. Ka4 g3 58. Ka5 Rb1 59. Ka6 g2 60. Rg7 Kh2 61. Rg4 g1=Q 62. Rxh4+ Kg3 63. Rh6 Qb6# 0-1


[Site "https://www.chess.com"]

[Event "Titled Tuesday Blitz December 13 Early 2022"]
[White "Ohanyan, Emin"]
[Black "Przybylski, Wojciech"]
[WhiteFideId "13312022"]
[BlackFideId "1117599"]
[WhiteElo "2352"]
[BlackElo "2217"]
[Result "1-0"]
[Round "06"]
[TimeControl "180+1"]
[Date "2022.12.13"]
[WhiteClock "0:00:32"]
[BlackClock "0:00:03"]

1. e4 e5 2. Nc3 Nf6 3. Bc4 Nc6 4. d3 Be7 5. f4 O-O 6. Nf3 d6 7. f5 Na5 8. Bb3 c6 9. O-O Nxb3 10. axb3 b5 11. Qe1 Bb7 12. h3 b4 13. Nd1 a5 14. g4 Re8 15. g5 Nd7 16. Qg3 d5 17. f6 Bc5+ 18. Be3 Qb6 19. Bxc5 Qxc5+ 20. Nf2 dxe4 21. dxe4 Nf8 22. fxg7 Ng6 23. Kh2 Qxc2 24. h4 c5 25. Rae1 Ba6 26. Kg1 Bxf1 27. Rxf1 Nf4 28. Kh1 Rad8 29. Ng4 Kxg7 30. Nfxe5 Qxe4+ 31. Nf3 Rd3 32. Nf6 Qe2 33. Nxe8+ Kf8 34. Rf2 Qd1+ 35. Kh2 Kxe8 36. Qxf4 Qe1 37. Ne5 Rd1 38. Qxf7+ Kd8 39. Qf8+ Kc7 40. Qxc5+ Kb7 41. Rf7+ Kb8 42. Qf8+ 1-0


[Site "https://www.chess.com"]

[Event "Titled Tuesday Blitz December 13 Early 2022"]
[White "Omariev, Maksim"]
[Black "Sadubayev, Airat"]
[WhiteFideId "4193423"]
[BlackFideId "13713264"]
[WhiteElo "2410"]
[BlackElo "2160"]
[Result "1-0"]
[Round "06"]
[TimeControl "180+1"]
[Date "2022.12.14"]
[WhiteClock "0:00:09"]
[BlackClock "0:00:12"]

1. e4 c6 2. d4 d5 3. exd5 cxd5 4. Bd3 Nc6 5. c3 Nf6 6. h3 g6 7. g4 e5 8. Qe2 e4 9. Bg5 Bg7 10. Nd2 O-O 11. Bc2 Be6 12. O-O-O Qc7 13. Kb1 Rfc8 14. Nb3 Nd7 15. f3 exf3 16. Nxf3 a5 17. Nc1 b5 18. Qxb5 Rab8 19. Qe2 Nb6 20. Nd3 Nc4 21. Bf4 Nd6 22. Ka1 Qd8 23. Nc5 Qe7 24. Rhe1 Nd8 25. Ng5 Rb6 26. Ngxe6 fxe6 27. Nxe6 1-0


[Site "https://www.chess.com"]

[Event "Titled Tuesday Blitz December 13 Early 2022"]
[White "Orlov, Georgi"]
[Black "Thiel, Thomas"]
[WhiteFideId "2011271"]
[BlackFideId "4615964"]
[WhiteElo "2520"]
[BlackElo "2208"]
[Result "1-0"]
[Round "06"]
[TimeControl "180+1"]
[Date "2022.12.14"]
[WhiteClock "0:01:25"]
[BlackClock "0:00:50"]

1. e4 d5 2. exd5 Nf6 3. Bb5+ Nbd7 4. c4 a6 5. Ba4 b5 6. cxb5 Nxd5 7. Nc3 N5b6 8. Bb3 Bb7 9. bxa6 Bxa6 10. d4 e6 11. Nge2 Bd6 12. Bf4 Bxf4 13. Nxf4 O-O 14. Nfe2 Qg5 15. O-O Rfd8 16. Qc1 Qe7 17. Rd1 Rac8 18. Qe3 Nc4 19. Bxc4 Bxc4 20. Nf4 Qd6 21. b3 Ba6 22. Ne4 Qf8 23. Rac1 Nb6 24. Nc5 Bb5 25. a4 Bc6 26. Ncxe6 1-0


[Site "https://www.chess.com"]

[Event "Titled Tuesday Blitz December 13 Early 2022"]
[White "Osinovsky, Stepan"]
[Black "Vianello, Enrico"]
[WhiteFideId "4157354"]
[BlackFideId "810738"]
[WhiteElo "2222"]
[BlackElo "2084"]
[Result "1-0"]
[Round "06"]
[TimeControl "180+1"]
[Date "2022.12.14"]
[WhiteClock "0:00:15"]
[BlackClock "0:00:16"]

1. e4 c5 2. Nf3 e6 3. d3 b6 4. Nbd2 Bb7 5. g3 d6 6. Bg2 Nd7 7. O-O Be7 8. Re1 Ngf6 9. h4 Qc7 10. a4 h6 11. a5 b5 12. a6 Bc6 13. Nf1 O-O 14. c3 e5 15. Ne3 c4 16. Nf5 Rfe8 17. Bxh6 Bf8 18. Bg5 cxd3 19. Nd2 d5 20. h5 dxe4 21. h6 g6 22. Ng7 Bxg7 23. hxg7 Kxg7 24. Nxe4 Nxe4 25. Bxe4 Bxe4 26. Rxe4 Nc5 27. Rh4 Rh8 28. Qf3 Qd6 29. b4 Nb3 30. Rd1 Rxh4 31. Qxa8 Rh5 32. Be3 Qd7 33. Qb7 Qh3 34. Rxd3 Qh2+ 35. Kf1 Rf5 36. Bxa7 Nc1 37. Rd1 Nb3 38. Be3 Qxg3 39. Qe4 Qh3+ 40. Ke2 Qh5+ 41. Ke1 Qh8 42. a7 Rh5 43. a8=Q Rh1+ 44. Qxh1 1-0


[Site "https://www.chess.com"]

[Event "Titled Tuesday Blitz December 13 Early 2022"]
[White "Osmak, Yuliia"]
[Black "Mikhailovsky, Vladimir"]
[WhiteFideId "14101602"]
[BlackFideId "34105414"]
[WhiteElo "2328"]
[BlackElo "2295"]
[Result "1-0"]
[Round "06"]
[TimeControl "180+1"]
[Date "2022.12.14"]
[WhiteClock "0:00:16"]
[BlackClock "0:00:02"]

1. e4 Nf6 2. e5 Nd5 3. d4 d6 4. c4 Nb6 5. f4 Bf5 6. Nf3 dxe5 7. fxe5 e6 8. Nc3 Bb4 9. Be2 c5 10. a3 cxd4 11. axb4 dxc3 12. Qxd8+ Kxd8 13. bxc3 Nc6 14. O-O Nd7 15. Bf4 Ke7 16. b5 Ncb8 17. Nd4 Be4 18. Bg5+ f6 19. exf6+ gxf6 20. Bh4 Rf8 21. Bg4 Nc5 22. Rae1 e5 23. Nf5+ Bxf5 24. Bxf5 Nbd7 25. Bf2 h5 26. Ra1 a6 27. Rfb1 axb5 28. cxb5 Rfc8 29. Be3 Rxa1 30. Rxa1 Nb3 31. Ra7 Rxc3 32. Rxb7 Rxe3 33. Rxd7+ Ke8 34. Rd1 1-0


[Site "https://www.chess.com"]

[Event "Titled Tuesday Blitz December 13 Early 2022"]
[White "Ovchinnikov, Vsevolod"]
[Black "Movahed, Sina"]
[WhiteFideId "24176842"]
[BlackFideId "42520835"]
[WhiteElo "2376"]
[BlackElo "2225"]
[Result "0-1"]
[Round "06"]
[TimeControl "180+1"]
[Date "2022.12.14"]
[WhiteClock "0:00:07"]
[BlackClock "0:01:01"]

1. d4 Nf6 2. c4 g6 3. Nc3 Bg7 4. e4 d6 5. Nf3 O-O 6. h3 e5 7. d5 Na6 8. Be3 Nc5 9. Nd2 a5 10. g4 Ne8 11. a3 a4 12. Rg1 Kh8 13. Qc2 Bf6 14. g5 Bg7 15. O-O-O Bd7 16. Kb1 f5 17. f3 Qe7 18. h4 Kg8 19. Be2 Bh8 20. Rdf1 Ng7 21. Ka2 Nh5 22. Nb5 Nf4 23. Re1 c6 24. Nc3 cxd5 25. Bxf4 exf4 26. Nxd5 Qf7 27. Bd1 Be5 28. Qb1 b5 29. Bc2 bxc4 30. Nxc4 fxe4 31. Bxe4 Be6 32. Rd1 Rab8 33. Nxe5 dxe5 34. Rg2 Rfd8 35. Rgd2 Kg7 36. Qc2 Nb3 37. Rd3 Nd4 38. Rxd4 exd4 39. Qc4 Bxd5 40. Bxd5 Qxd5 0-1


[Site "https://www.chess.com"]

[Event "Titled Tuesday Blitz December 13 Early 2022"]
[White "Ozen, Bahadir"]
[Black "Hamley, Ryan"]
[WhiteFideId "6337058"]
[BlackFideId "30959497"]
[WhiteElo "2503"]
[BlackElo "2617"]
[Result "1/2-1/2"]
[Round "06"]
[TimeControl "180+1"]
[Date "2022.12.14"]
[WhiteClock "0:01:38"]
[BlackClock "0:01:41"]

1. g3 Nf6 2. Bg2 g6 3. d3 Bg7 4. Nf3 O-O 5. O-O d6 6. e4 e5 7. c3 Nc6 8. Nbd2 h6 9. b4 Be6 10. Bb2 Ne8 11. b5 Ne7 12. d4 exd4 13. Nxd4 Bd7 14. Re1 c5 15. bxc6 bxc6 16. Qc2 Nc7 17. Nc4 d5 18. Na5 Ne6 19. Nxe6 Bxe6 20. Nb3 Qb6 21. Ba3 Rfe8 22. Bxe7 Rxe7 23. exd5 cxd5 24. Bxd5 Rc8 25. Bxe6 Rxe6 26. Rxe6 Qxe6 27. Rd1 Rxc3 28. Qd2 1/2-1/2


[Site "https://www.chess.com"]

[Event "Titled Tuesday Blitz December 13 Early 2022"]
[White "Papasimakopoulos, Alexandros"]
[Black "Manukyan, Sargis A."]
[WhiteFideId "4244125"]
[BlackFideId "13303970"]
[WhiteElo "2384"]
[BlackElo "2187"]
[Result "1-0"]
[Round "06"]
[TimeControl "180+1"]
[Date "2022.12.14"]
[WhiteClock "0:00:16"]
[BlackClock "0:00:03"]

1. d4 Nf6 2. c4 c5 3. d5 b5 4. Nf3 bxc4 5. Nc3 e6 6. e4 Bb7 7. Bxc4 exd5 8. exd5 Bd6 9. Qe2+ Qe7 10. Nb5 Ne4 11. O-O a6 12. Nxd6+ Nxd6 13. Qd3 O-O 14. Re1 Qd8 15. Ng5 f5 16. Bf4 Nxc4 17. Qxc4 h6 18. d6+ Kh8 19. Nf7+ Rxf7 20. Qxf7 Nc6 21. h3 Nd4 22. Re7 Qg8 23. Be5 Qxf7 24. Rxf7 Rg8 25. Rxd7 Be4 26. Bxd4 cxd4 27. Rd1 d3 28. f3 Bc6 29. Rc7 Bb5 30. b3 a5 31. a4 Ba6 32. Ra7 Bc8 33. d7 Bxd7 34. Rxd7 f4 35. R1xd3 Kh7 36. Rd8 Kg6 37. Rxg8 Kh5 38. Rxg7 Kh4 39. Rd4 Kh5 40. Rd5+ Kh4 41. Rg4# 1-0


[Site "https://www.chess.com"]

[Event "Titled Tuesday Blitz December 13 Early 2022"]
[White "Pein, Jonathan"]
[Black "Ambartsumova, Karina"]
[WhiteFideId "417092"]
[BlackFideId "4166299"]
[WhiteElo "2225"]
[BlackElo "2319"]
[Result "1-0"]
[Round "06"]
[TimeControl "180+1"]
[Date "2022.12.14"]
[WhiteClock "0:00:43"]
[BlackClock "0:00:02"]

1. b3 e5 2. Bb2 Nc6 3. e3 g6 4. d4 Bg7 5. Nf3 d6 6. Be2 Nge7 7. c4 O-O 8. Nc3 exd4 9. Nxd4 Nxd4 10. exd4 d5 11. O-O dxc4 12. bxc4 Qxd4 13. Qb3 Nc6 14. Rad1 Qe5 15. Bd3 Nd4 16. Qa3 c5 17. Rfe1 Qg5 18. Kh1 b6 19. Be4 Rb8 20. Qxa7 Bg4 21. f3 Be6 22. Bc1 Qh4 23. Nd5 Kh8 24. Bf4 Ra8 25. Qxb6 Rxa2 26. Bg3 Qh5 27. Bb1 Re2 28. Qxc5 Rxe1+ 29. Rxe1 Nxf3 30. gxf3 Qxf3+ 31. Kg1 Rc8 32. Qf2 Qg4 33. Ne3 Qh3 34. Be4 Bd4 35. Bg2 Qh5 36. Qf4 Qc5 37. Kh1 Re8 38. Nd5 Ra8 39. Nf6 Ra2 40. Ne4 Qxc4 41. Ng5 Qc2 42. Qxd4+ 1-0


[Site "https://www.chess.com"]

[Event "Titled Tuesday Blitz December 13 Early 2022"]
[White "Perez Rodriguez, Jennifer"]
[Black "Bruned, Boris"]
[WhiteFideId "3507831"]
[BlackFideId "621790"]
[WhiteElo "2170"]
[BlackElo "2049"]
[Result "1-0"]
[Round "06"]
[TimeControl "180+1"]
[Date "2022.12.14"]
[WhiteClock "0:00:29"]
[BlackClock "0:00:01"]

1. e4 b6 2. d4 Bb7 3. Bd3 e6 4. c3 d5 5. e5 c5 6. Qg4 Qc8 7. Bd2 Ba6 8. Bxa6 Qxa6 9. Ne2 Nc6 10. O-O Nge7 11. Ng3 cxd4 12. cxd4 Qd3 13. Be3 g6 14. Nc3 h5 15. Qh4 Bg7 16. Rfd1 Qa6 17. Bg5 Qb7 18. Nb5 O-O 19. Bf6 Nf5 20. Nxf5 exf5 21. Rac1 Nd8 22. Rc7 Qa6 23. Nc3 Ne6 24. Rd7 Bxf6 25. exf6 Rfd8 26. Rxd5 Qb7 27. Re5 Rd7 28. d5 Rad8 29. Rde1 Nf8 30. Qg5 1-0


[Site "https://www.chess.com"]

[Event "Titled Tuesday Blitz December 13 Early 2022"]
[White "Petrovic, Aleksa"]
[Black "Weetik, Vjacheslav"]
[WhiteFideId "967629"]
[BlackFideId "4153472"]
[WhiteElo "2230"]
[BlackElo "2469"]
[Result "0-1"]
[Round "06"]
[TimeControl "180+1"]
[Date "2022.12.14"]
[WhiteClock "0:00:01"]
[BlackClock "0:00:06"]

1. d4 Nf6 2. c4 g6 3. Nc3 Bg7 4. e4 d6 5. Be2 O-O 6. Bg5 c5 7. d5 e6 8. Nf3 h6 9. Bf4 e5 10. Be3 Ng4 11. Bc1 f5 12. h3 Nf6 13. Be3 f4 14. Bd2 g5 15. Nh2 Qe8 16. Ng4 Nh7 17. Nh2 Nf6 18. Ng4 Nh7 19. Nb5 Qe7 20. a4 h5 21. Nh2 Nf6 22. Bxh5 Nxe4 23. Bg6 Nxd2 24. Qh5 Rf6 25. Kxd2 Na6 26. Nc3 e4 27. Nxe4 Qe5 28. Nxf6+ Qxf6 29. Rhe1 Qxb2+ 30. Bc2 Bf5 31. Re8+ Rxe8 32. Qxe8+ Bf8 33. Rc1 Nb4 34. Ng4 Bxc2 35. Nh6+ Kh7 36. Qf7+ Bg7 37. Nf5 Bxf5+ 38. Kd1 Bd3 39. Qh5+ Kg8 40. Qe8+ Bf8 41. Qe6+ Kg7 42. Qd7+ Kh8 43. Qg4 Bh6 44. Qc8+ Kh7 45. Qd7+ Bg7 0-1


[Site "https://www.chess.com"]

[Event "Titled Tuesday Blitz December 13 Early 2022"]
[White "Putri, Regita Desyari"]
[Black "Arbunic Castro, Giovanna"]
[WhiteFideId "7109083"]
[BlackFideId "3400549"]
[WhiteElo "1930"]
[BlackElo "1933"]
[Result "1-0"]
[Round "06"]
[TimeControl "180+1"]
[Date "2022.12.14"]
[WhiteClock "0:01:45"]
[BlackClock "0:01:12"]

1. d4 Nf6 2. c4 g6 3. Nf3 Bg7 4. g3 d6 5. Bg2 O-O 6. O-O Nbd7 7. Nc3 e5 8. e4 Re8 9. Re1 c6 10. h3 a6 11. Be3 b5 12. cxb5 axb5 13. a3 Nb6 14. d5 Nc4 15. dxc6 Nxb2 16. Qb3 Nd3 17. Red1 Nc5 18. Bxc5 Be6 19. Qb2 b4 20. Bxb4 d5 21. exd5 Nxd5 22. Nxd5 Bxd5 23. Qd2 Bxf3 24. Qxd8 Raxd8 25. Bxf3 e4 26. Rxd8 Rxd8 27. Rd1 1-0


[Site "https://www.chess.com"]